 Dungeon Crawl Stone Soup version 0.28.0-45-g0d030f2227 (webtiles) character file.

Game seed: 15971148401045570823

3837 issech the Poker (level 9, 0/80 HPs)
             Began as a Troll Monk on Apr 19, 2022.
             Was a Priest of Hepliaklqana.
             Slain by an enormous slime creature (80 damage)
             ... on level 8 of the Dungeon.
             The game lasted 00:34:33 (7359 turns).

issech the Poker (Troll Monk)                       Turns: 7359, Time: 00:34:33

Health: 0/80       AC:  9    Str: 21    XL:     9   Next: 98%
Magic:  8/8        EV:  9    Int:  6    God:    Hepliaklqana [***...]
Gold:   447        SH: 11    Dex: 16    Spells: 8/8 levels left

rFire   . . .      SeeInvis .   J - +4 rapier (protect)
rCold   . . .      Faith    .   s - +0 tower shield
rNeg    . . .      Spirit   .   U - +1 steam dragon scales
rPois   +          Reflect  .   (helmet restricted)
rElec   .          Harm     .   M - +0 cloak
rCorr   .          Rampage  .   (gloves unavailable)
Will    +....                   (boots unavailable)
Stlth   ++........              (no amulet)
HPRegen 1.03/turn               E - ring of willpower
MPRegen 0.11/turn               K - ring of poison resistance

@: no status effects
A: reduced essence, large, unfitting armour, claws 3, regeneration 1, shaggy fur
1, tough skin 1
a: Renounce Religion, Recall Ancestor, Ancestor Identity, Transference


You were on level 8 of the Dungeon.
You worshipped Hepliaklqana.
Hepliaklqana was most pleased with you.
You visited 2 branches of the dungeon, and saw 9 of its levels.

You collected 447 gold pieces.

Inventory:

Hand Weapons
 b - a +2 whip of venom
 j - a +1 spear of venom
 C - a +0 giant spiked club
 H - a +0 morningstar of holy wrath
 J - a +4 rapier of protection (weapon)
 L - a +2 quarterstaff of chaos
 N - a +2 dagger of draining
 O - a +4 short sword
 T - a +2 scimitar of flaming
Missiles
 a - a curare-tipped dart
 d - 84 arrows
 e - 272 stones
 o - 47 bolts
 u - 9 silver javelins
 w - 3 javelins
 D - 10 poisoned darts
 Q - 4 boomerangs (quivered)
 R - 25 sling bullets
Armour
 s - a +0 tower shield (worn)
 M - a +0 cloak (worn)
 U - +1 steam dragon scales (worn)
Magical Staves
 x - a staff of earth
Jewellery
 E - a ring of willpower (left claw)
 K - a ring of poison resistance (right claw)
Wands
 y - a wand of flame (15)
Scrolls
 f - a scroll of fog
 g - 6 scrolls of teleportation
 h - a scroll of enchant weapon
 p - 4 scrolls of holy word
 q - a scroll of fear
 r - a scroll of blinking {unknown}
 t - a scroll of magic mapping
 v - 2 scrolls of identify
 B - a scroll of amnesia
Potions
 c - 3 potions of flight {unknown}
 i - a potion of berserk rage {unknown}
 k - 2 potions of curing {unknown}
 l - a potion of heal wounds {unknown}
 m - a potion of mutation {unknown}
 n - 2 potions of attraction {unknown}
 z - a potion of haste
 A - a potion of degeneration {unknown}
 F - 2 potions of brilliance {unknown}
 G - a potion of cancellation {unknown}
 I - a potion of invisibility {unknown}
 S - 2 potions of might {unknown}


   Skills:
 + Level 6.3 Fighting
 + Level 1.4 Short Blades
 + Level 3.3 Maces & Flails
 + Level 7.3 Polearms
 + Level 6.3 Dodging
 + Level 3.0 Stealth
 + Level 0.4 Shields


You had 8 spell levels left.
You didn't know any spells.
Your spell library contained the following spells:

 Spells                   Type           Power      Damage    Failure   Level
 Freeze                   Ice            0%         1d3       99%         1
 Sandblast                Erth           0%         2d4       99%         1
 Passwall                 Tmut/Erth      0%         N/A       100%        2
 Frozen Ramparts          Ice            0%         1d2       100%        3
 Stone Arrow              Conj/Erth      0%         3d7       100%        3
 Tukima's Dance           Hex            0%         N/A       100%        3
 Hailstorm                Conj/Ice       0%         3d3       100%        4
 Passage of Golubria      Tloc           0%         N/A       100%        4
 Summon Ice Beast         Ice/Summ       0%         N/A       100%        4
 Summon Forest            Summ/Tloc      0%         N/A       100%        5
 Summon Mana Viper        Hex/Summ       0%         N/A       100%        5
 Yara's Violent Unravell  Hex/Tmut       0%         3d3       100%        5
 Eringya's Noxious Bog    Tmut/Pois      0%         N/A       100%        6
 Monstrous Menagerie      Summ           0%         N/A       100%        7
 Summon Hydra             Summ           0%         N/A       100%        7


Dungeon Overview and Level Annotations

Branches:
Dungeon (8/15)             Temple (1/1) D:5
   Lair: D:8-11

Altars:
Ashenzari
Cheibriados
Dithmenos
Fedhas
Gozag
Hepliaklqana
Kikubaaqudgha
Makhleb
Nemelex Xobeh
Okawaru
Qazlal
Ru
Sif Muna
Trog
Uskayaw
Vehumet
Wu Jian
Xom
Yredelemnul
Zin
The Shining One


Innate Abilities, Weirdness & Mutations

Your life essence is reduced to manifest your ancestor. (-10% HP)
You are too large for most types of armour.
You have claws for hands.
Your natural rate of healing is unusually fast.
You are covered in fur. (AC +1)
You have tough skin. (AC +1)


Message History

Zdislav hits the kobold with a +0 quarterstaff!!
The kobold dies!
A kobold comes into view. It is wielding a +0 dagger.
You see here a +4 short sword.
O - a +4 short sword Zdislav hits the enormous slime creature with a +0 quarterstaff!
Zdislav hits the enormous slime creature with a +0 quarterstaff!
Zdislav casts a spell at the enormous slime creature.
The puff of frost hits the enormous slime creature!
Zdislav gestures at the enormous slime creature while chanting.
The puff of frost hits the enormous slime creature!
Zdislav points at the enormous slime creature and mumbles some strange words.
The puff of frost hits the enormous slime creature!
The kobold throws a stone.
The stone hits you but does no damage.
An enormous slime creature splits.
The large slime creature closely misses you.
Zdislav points at the large slime creature and mumbles some strange words.
The stone arrow hits the large slime creature!
A large slime creature splits.
Zdislav closely misses the kobold.
A large slime creature splits.
The slime creature closely misses you. You block the slime creature's attack.
Two slime creatures merge to form a large slime creature.
You hit the slime creature.
Your weapon exudes an aura of protection.
The slime creature is lightly wounded.
You block the slime creature's attack. x2
You hit the slime creature.
The slime creature is lightly wounded.
The slime creature hits you but does no damage. x2
Zdislav gestures at the slime creature while chanting.
The puff of frost hits the slime creature.
The large slime creature hits you! You block the slime creature's attack.
Two slime creatures merge to form a very large slime creature.
Two slime creatures merge to form an enormous slime creature.
Zdislav gestures at the kobold while chanting.
The puff of frost hits the kobold!
The kobold dies!
The enormous slime creature hits you!!!!
Ouch! That really hurt!
You die...

#....†.......
#.R.#########
######## #..)#
#......# ##.##
#.####.# #.#
######## #.# #.#
#######.# #......#
#.# #.# #.....R.#
#......# #.# #.#
#.####### #......#
#.####.# #.#
#...@..# #.#<...#
#.#
##..J...###.######
#R#
#.....÷.....#...
#.#
#.......#####.##.
#.#
#.######.........
#.# #R# #.........
#.########.#
#...##.##
#....R.....# #..##
############
#..#####


You could see the friendly Zdislav the battlemage and an enormous slime
creature.

Vanquished Creatures
  The ghost of cbfl8 the Chopper, a novice MiDe (D:6)
  Maggie (D:7)
  Eustachio (D:6)
  2 sky beasts
  An ice beast (D:3)
  4 ogres
  The ghost of joshe the Conjurer, an amateur DgCj (D:3)
  A centaur (D:7)
  Blork the orc (D:4)
  A bullfrog (D:3)
  A wyvern skeleton (D:7)
  A water moccasin skeleton (D:7)
  A bullfrog zombie (D:5)
  A jelly (D:6)
  An orc priest (D:7)
  3 hounds
  Crazy Yiuf (D:6)
  A centaur skeleton (D:7)
  4 orc wizards
  A killer bee zombie (D:7)
  Robin (D:4)
  5 adders
  5 gnolls
  A white imp (D:6)
  An ufetubus (D:6)
  A worm (D:2)
  3 dart slugs
  9 orcs
  5 bats
  7 endoplasms
  4 giant cockroaches
  19 goblins
  9 hobgoblins
  9 jackals
  8 quokkas
  8 ball pythons
  4 frilled lizards
  10 kobolds
  4 rats
142 creatures vanquished.

Vanquished Creatures (collateral kills)
  2 sky beasts
  2 ice beasts
  3 orc warriors
  A black bear (D:8)
  A centaur (D:8)
  2 bullfrogs
  2 kobold brigands
  A scorpion (D:6)
  2 howler monkeys
  A jelly (D:6)
  A bullfrog skeleton (D:5)
  3 iguanas
  2 orc wizards
  A killer bee zombie (D:7)
  A hound zombie (D:5)
  2 gnolls (D:6)
  A shadow imp (Temple)
  2 white imps
  An ufetubus (D:6)
  9 orcs
  7 kobolds
47 creatures vanquished.

Grand Total: 189 creatures vanquished

Notes
Turn   | Place    | Note
-------+----------+-------------------------------------------
     0 | D:1      | issech the Troll Monk began the quest for the Orb.
     0 | D:1      | Reached XP level 1. HP: 22/22 MP: 0/0
   111 | D:1      | Reached XP level 2. HP: 29/29 MP: 1/1
   801 | D:1      | Reached XP level 3. HP: 36/36 MP: 2/2
  1628 | D:2      | Reached XP level 4. HP: 44/44 MP: 3/3
  1874 | D:3      | Reached skill level 1 in Polearms
  1979 | D:3      | Found a runed translucent door.
  1979 | D:3      | Noticed a bullfrog
  1980 | D:3      | Noticed joshe's ghost (amateur DgCj)
  2046 | D:3      | Noticed an ice beast
  2074 | D:3      | HP: 2/44 [ice beast (10)]
  2075 | D:3      | Killed an ice beast
  2076 | D:3      | Reached skill level 2 in Polearms
  2076 | D:3      | Reached XP level 5. HP: 3/53 MP: 4/4
  2417 | D:3      | Found a faded altar of an unknown god.
  2930 | D:3      | Reached XP level 6. HP: 54/61 MP: 5/5
  2944 | D:3      | Killed joshe's ghost
  3139 | D:4      | Reached skill level 3 in Polearms
  3464 | D:4      | Noticed Blork the orc
  3481 | D:4      | Killed Blork the orc
  3482 | D:4      | Reached XP level 7. HP: 42/67 MP: 6/6
  3594 | D:4      | Noticed Robin
  3602 | D:4      | Killed Robin
  3897 | D:5      | Entered Level 5 of the Dungeon
  3979 | D:5      | Found a radiant altar of Vehumet.
  4098 | D:5      | Found a staircase to the Ecumenical Temple.
  4108 | Temple   | Entered the Ecumenical Temple
  4191 | Temple   | Reached skill level 4 in Polearms
  4274 | Temple   | Became a worshipper of Hepliaklqana the Forgotten
  4274 | Temple   | Reached * piety under Hepliaklqana
  4274 | Temple   | Reached ** piety under Hepliaklqana
  4275 | Temple   | Remembered your ancestor Zdislav as a battlemage
  4798 | D:5      | Reached XP level 8. HP: 63/70 MP: 7/7
  4943 | D:6      | Reached skill level 5 in Polearms
  5173 | D:6      | Found a runed translucent door.
  5179 | D:6      | Noticed cbfl8's ghost (novice MiDe)
  5202 | D:6      | Killed cbfl8's ghost
  5342 | D:6      | Reached skill level 5 in Dodging
  5414 | D:6      | Reached skill level 5 in Fighting
  5414 | D:6      | Reached skill level 6 in Polearms
  5425 | D:6      | Noticed Eustachio
  5439 | D:6      | Killed Eustachio
  5521 | D:6      | Reached XP level 9. HP: 74/79 MP: 8/8
  5567 | D:6      | Found a runed translucent door.
  5568 | D:6      | Noticed Crazy Yiuf
  5730 | D:6      | Found a blossoming altar of Fedhas.
  5994 | D:6      | Killed Crazy Yiuf
  6195 | D:7      | Noticed Maggie
  6208 | D:7      | Killed Maggie
  6217 | D:7      | Reached skill level 7 in Polearms
  6432 | D:7      | Reached *** piety under Hepliaklqana
  7101 | D:8      | Reached skill level 1 in Short Blades
  7359 | D:8      | Slain by an enormous slime creature

Illustrated notes

Levels and vault maps discovered:
D:1:      tarquinn_simple_flora_water_e, layout_loops_corners,
          chequers_serial_rivers_small_b
D:2:      layout_rooms, serial_glass, glass_columns_b, glass_columns_a
D:3:      layout_basic, ebering_ecumenical_altar_mist, ebering_ghost_inner_flame
D:4:      layout_basic, st_stairs_13, uniq_blork_the_orc, uniq_robin
D:5:      layout_basic, nicolae_vehumet_altar_sigil, minmay_temple_entry_waves
D:6:      layout_loops_corners, lemuel_coloured_pillars_altar,
          ebering_ghost_reflecting_pool, uniq_crazy_yiuf_cottage, uniq_eustachio
D:7:      layout_loops_ring, minmay_misc_feat_alley, uniq_maggie
D:8:      layout_basic
Temple:   mainiacjoe_temple_bowtie_tessellation

Skill      XL: |  1  2  3  4  5  6  7  8  9 |
---------------+----------------------------+-----
Maces & Flails | 3 |  3.3
Dodging        | 3 4 5 6 |  6.3
Polearms       | 2 3 4 6 7 |  7.3
Fighting       | 3 4 5 6 |  6.3
Stealth        | 2 3 |  3.0
Short Blades   | 1 |  1.4
Shields        | |  0.4

Action                   |  1- 3 |  4- 6 |  7- 9 || total
-------------------------+-------+-------+-------++-------
Melee: Mace              |    73 |       |       ||    73
       Spear             |    78 |   183 |   218 ||   479
       Punch             |     2 |     3 |     1 ||     6
       Rapier            |       |       |    52 ||    52
Throw: Stone             |       |     1 |     1 ||     2
Invok: Ancestor Life: Ba |       |       |     1 ||     1
  Use: Scroll            |       |     5 |     5 ||    10
 Stab: Sleeping          |     1 |     5 |     1 ||     7
       Distracted        |       |       |     3 ||     3
Armor: Robe              |    85 |    49 |     1 ||   135
       Animal skin       |       |       |    51 ||    51
       Steam dragon scal |       |       |    41 ||    41
Dodge: Dodged            |   137 |   108 |   129 ||   374
Block: Tower shield      |       |       |    24 ||    24
